 Seeded DCSS version 0.29.1-12-g30fa7ad0bf (webtiles) character file.

Game seed: 1 (custom seed)

51629 Kazon the Carver (level 14, -4/126 HPs)
             Began as a Minotaur Fighter on Jan 16, 2023.
             Was the Champion of Okawaru.
             Slain by Rupert
             ... wielding a +2 executioner's axe of venom
              (29 damage)
             ... on level 12 of the Dungeon on Jan 17, 2023.
             The game lasted 01:32:16 (14392 turns).

Kazon the Carver (Minotaur Fighter)                Turns: 14392, Time: 01:32:16

Health: -4/126     AC: 15    Str: 22    XL:     14   Next: 24%
Magic:  13/19      EV: 19    Int:  7    God:    Okawaru [******]
Gold:   394        SH: 10    Dex: 18    Spells: 13/13 levels left

rFire   + + +      SeeInvis .   v - +4 demon blade (vamp)
rCold   + + +      Faith    .   c - +2 buckler
rNeg    . . .      Spirit   .   D - +3 leather armour {rC+}
rPois   +          Reflect  .   x - +0 hat
rElec   .          Harm     .   R - scarf {rC+ rF+}
rCorr   .          Rampage  .   n - +2 pair of gloves {hurl}
Will    +....                   k - +2 pair of boots
Stlth   ++++++....              V - amulet "Odemouw" {Contam rPois rF+++ Regen+ Stlth+}
HPRegen 1.11/turn               l - ring of protection from cold
MPRegen 0.16/turn               X - +6 ring of dexterity

@: lethally poisoned (-4 -> -6), about to teleport, heroic, finesse-ful
A: horns 2, retaliatory headbutt
a: Renounce Religion, Heroism, Finesse, Duel


You were on level 12 of the Dungeon.
You worshipped Okawaru.
Okawaru was exalted by your worship.
You visited 3 branches of the dungeon, and saw 19 of its levels.

You collected 1354 gold pieces.
You spent 960 gold pieces at shops.

Inventory:

Hand Weapons
 e - the +2 rapier of Xuogovy {speed, rN+ Str+4 Stlth+}
   (Okawaru gifted it to you on level 2 of the Lair of Beasts)

   Attacks with this weapon are significantly faster.
   Str:       It affects your strength (+4).
   rN:        It protects you from negative energy.
   Stlth:     It makes you more stealthy.
 f - the +2 Maxwell's thermic engine {flame, freeze}
   (You found it on level 1 of the Lair of Beasts)

   It burns those it strikes, dealing additional fire damage.
   Big, fiery blades are also staple armaments of hydra-hunters.
   It freezes those it strikes, dealing additional cold damage.
   It can also slow down cold-blooded creatures.
   It becomes more effective when it hits something.
   This effect fades over time.
 s - the +3 falchion of Winter {venom, rCorr}
   (You bought it in a shop on level 3 of the Dungeon)

   It poisons the flesh of those it strikes.
   rCorr:     It protects you from acid and corrosion.
 v - a +4 vampiric demon blade (weapon)
Missiles
 o - 24 boomerangs
 z - a throwing net
 G - 6 curare-tipped darts
 I - 42 poisoned darts
 O - 2 silver javelins
 S - 8 javelins (quivered)
 Z - a datura-tipped dart
Armour
 c - a +2 buckler (worn)
 k - a +2 pair of boots (worn)
 n - a +2 pair of gloves of hurling (worn)
 x - a +0 hat (worn)
 D - a +3 leather armour of cold resistance (worn)
 R - a scarf of resistance (worn)
Jewellery
 a - a ring of positive energy
 l - a ring of protection from cold (left hand)
 r - a +4 ring of protection
 y - a ring of positive energy
 N - a ring of protection from cold
 V - the amulet "Odemouw" (around neck) {Contam rPois rF+++ Regen+ Stlth+}
   (You bought it in a shop on level 8 of the Dungeon)

   [amulet of regeneration]

   rF:        It renders you almost immune to fire.
   rPois:     It protects you from poison.
   Contam:    It causes magical contamination when unequipped.
   Regen:     It increases your rate of health regeneration.
   Stlth:     It makes you more stealthy.
 X - a +6 ring of dexterity (right hand)
Wands
 C - a wand of mindburst (34)
 E - a wand of flame (39)
 F - a wand of paralysis (20)
 L - a wand of roots (11)
 Q - a wand of polymorph (11)
Scrolls
 i - a scroll of silence
 m - a scroll of immolation
 p - 3 scrolls of poison {unknown}
 q - 4 scrolls of fog
 u - 4 scrolls of teleportation
 w - a scroll of magic mapping
 B - 4 scrolls of enchant weapon {unknown}
 J - 3 scrolls of fear
 T - a scroll of brand weapon
Potions
 b - 4 potions of berserk rage {unknown}
 d - 3 potions of might
 g - 3 potions of haste
 h - 3 potions of flight
 j - 2 potions of mutation
 t - a potion of heal wounds
 H - 3 potions of cancellation
 K - 4 potions of curing
 P - a potion of invisibility
 W - 8 potions of lignification
Miscellaneous
 M - a condenser vane
 U - a phial of floods
 Y - a lightning rod (3/4)


   Skills:
 * Level 12.1(17.1) Fighting
 + Level 7.1(15.4) Short Blades
 + Level 12.9(18.8) Long Blades
 + Level 5.2(10.2) Ranged Weapons
 + Level 8.6(13.6) Throwing
 + Level 8.6(13.6) Armour
 + Level 6.9(11.9) Dodging
 + Level 5.9(10.9) Stealth
 + Level 9.2(14.2) Shields
 * Level 8.5 Invocations
 * Level 7.6 Evocations


You had 13 spell levels left.
You didn't know any spells.
Your spell library contained the following spells:

 Spells                   Type           Power      Damage    Failure   Level
 Apportation              Tloc           0%         N/A       52%         1
 Magic Dart               Conj           0%         1d3       52%         1
 Necrotise                Necr           0%         1d4       52%         1
 Sting                    Tmut/Pois      0%         1d3       52%         1
 Poisonous Vapours        Pois/Air       0%         N/A       65%         2
 Mephitic Cloud           Conj/Pois/Air  0%         N/A       87%         3
 Ozocubu's Armour         Ice            0%         N/A       87%         3
 Olgreb's Toxic Radiance  Pois           0%         N/A       99%         4
 Blade Hands              Tmut           0%         N/A       100%        5
 Fireball                 Conj/Fire      0%         3d3       100%        5
 Iskenderun's Battlesphe  Conj           0%         2d6       100%        5
 Metabolic Englaciation   Hex/Ice        0%         N/A       100%        5
 Conjure Ball Lightning   Conj/Air       0%         3x3d6     100%        6
 Iron Shot                Conj/Erth      0%         9d1       100%        6
 Orb of Destruction       Conj           0%         9d5       100%        7
 Ozocubu's Refrigeration  Ice            0%         4d7       100%        7
 Summon Small Mammal      Summ           Unusable   N/A       N/A         1
 Call Imp                 Summ           Unusable   N/A       N/A         2
 Animate Armour           Summ/Erth      Unusable   N/A       N/A         4
 Simulacrum               Ice/Necr       Unusable   N/A       N/A         6

Dungeon Overview and Level Annotations

Branches:
Dungeon (13/15)            Temple (1/1) D:7            Lair (5/5) D:10
 Shoals (0/4) Lair:3       Spider (0/4) Lair:3        Slime (0/5) Lair:4
    Orc: D:9-12      Vaults: D:13-14

Altars:
Ashenzari
Dithmenos
Elyvilon
Gozag
Hepliaklqana
Kikubaaqudgha
Makhleb
Nemelex Xobeh
Okawaru
Qazlal
Uskayaw
Xom
Jiyva

Shops:
D:3 (   D:8 ?(==   D:10 :

Annotations:
D:12 Rupert


Innate Abilities, Weirdness & Mutations

You have a pair of horns on your head.
You reflexively headbutt those who attack you in melee.


Message History

You now have 394 gold pieces (gained 13).
Rupert the Wild comes into view.
He is wielding a +2 executioner's axe of venom.
Rupert shouts!
You gain the combat prowess of a mighty hero.
Rupert barely misses you.
You can now deal lightning-fast blows.
Rupert roars madly and goes into a rage!
Rupert goes berserk!
You feel a sense of dread.
v - a +4 vampiric demon blade (weapon)
Rupert hits you with a +2 executioner's axe of venom!!
You barely miss Rupert. Your headbutt misses Rupert. You block Rupert's attack.
You barely miss Rupert. You headbutt Rupert.
Rupert is lightly wounded.
You slash Rupert!
Rupert is lightly wounded.
You slice Rupert!!
You feel better.
Rupert is moderately wounded.
Rupert hits you with a +2 executioner's axe of venom!
You hit Rupert but do no damage.
Rupert is moderately wounded.
You slash Rupert!
Rupert is moderately wounded.
Rupert hits you with a +2 executioner's axe of venom!!
You hit Rupert. Your headbutt misses Rupert.
Rupert is moderately wounded.
You hit Rupert.
Rupert is moderately wounded.
Rupert hits you with a +2 executioner's axe of venom!
You are poisoned.
As you read the scroll of teleportation, it crumbles to dust.
You feel strangely unstable.
You feel very sick.
Rupert hits you with a +2 executioner's axe of venom!!
* * * LOW HITPOINT WARNING * * *
You closely miss Rupert.
Rupert is moderately wounded.
You feel sick.
Rupert hits you with a +2 executioner's axe of venom!!
You die...

#.......########.###........
#................# ###......
#.......########## #......
#.#...### ####... #.#...#
######.. #.##.## ........
######(##.# ######.#
#######. #......##.# #.@...#
#. #.#######[# #@# #. #.#
#.# #.# #. #.# #.# #.# #.
#.# #.# #.# #. #.# #.# #.#
#. #.# #.######.# .. #.#
#........##### ## #.#
###..........# #.#
#.###.####.#


You could see Rupert (berserk).

Vanquished Creatures
  Nessos (D:12)
  Fannar (Lair:2)
  Erolcha (D:10)
  4 catoblepae
  2 two-headed ogres
  10 death yaks
  Lodul (D:12)
  A cyclops (D:12)
  An ugly thing (D:11)
  5 elephants (Lair:4)
  3 manticores
  5 black mambas
  11 cane toads
  Maggie (D:6)
  4 rime drakes
  An unseen horror (D:12)
  4 kobold demonologists (D:11)
  14 komodo dragons
  A tengu conjurer (D:12)
  4 trolls
  Prince Ribbit (D:9)
  A polar bear (Lair:4)
  5 dream sheep (Lair:4)
  17 blink frogs
  A snapping turtle (Lair:3)
  2 shadows
  2 vampires
  63 yaks
  5 wyverns
  3 basilisks
  Eustachio (D:5)
  2 steam dragons
  Menkaure (D:5)
  Edmund (D:6)
  2 acid dragons
  16 water moccasins
  5 orc warriors
  An ice beast (D:8)
  5 sky beasts
  2 black bears (D:6)
  5 centaurs
  7 ogres
  A wolf (D:10)
  2 phantoms (D:6)
  3 kobold brigands
  3 necrophages
  5 bullfrogs
  A gnoll sergeant (D:7)
  10 scorpions
  21 wights
  3 killer bees (D:10)
  3 electric eels
  A howler monkey (D:5)
  2 jellies (D:6)
  6 hounds
  7 orc priests
  A gnoll bouda (D:7)
  6 iguanas
  4 orc wizards
  4 hell rats
  Robin (D:3)
  15 gnolls
  13 adders
  3 shadow imps
  2 white imps (D:7)
  An ufetubus (D:5)
  4 worms
  37 orcs
  11 endoplasms
  2 giant cockroaches
  16 goblins
  8 hobgoblins
  A jackal (D:4)
  27 kobolds
  2 quokkas
  5 ball pythons
  4 bats
  3 frilled lizards
  6 rats
467 creatures vanquished.

Vanquished Creatures (others)
  24 fungi
  33 plants
57 creatures vanquished.

Grand Total: 524 creatures vanquished

Notes
Turn   | Place    | Note
-------+----------+-------------------------------------------
     0 | D:1      | Kazon the Minotaur Fighter began the quest for the Orb.
     0 | D:1      | Reached XP level 1. HP: 19/19 MP: 0/0
    32 | D:1      | Identified a scroll of acquirement
    32 | D:1      | Acquired a +0 pair of gloves of hurling
   150 | D:1      | Reached XP level 2. HP: 15/27 MP: 1/1
   865 | D:2      | Reached XP level 3. HP: 33/33 MP: 2/2
  1239 | D:2      | Reached XP level 4. HP: 13/40 MP: 3/3
  1437 | D:3      | Found Umat's Antique Weapon Boutique.
  1446 | D:3      | Bought a crude falchion for 184 gold pieces
  1446 | D:3      | Identified the +3 falchion of Winter {venom, rCorr} (You
                  | bought it in a shop on level 3 of the Dungeon)
  1582 | D:3      | Noticed Robin
  1593 | D:3      | Killed Robin
  1638 | D:3      | Reached skill level 5 in Armour
  1638 | D:3      | Reached XP level 5. HP: 40/46 MP: 4/4
  1885 | D:3      | Reached XP level 6. HP: 58/58 MP: 5/5
  2248 | D:4      | Reached XP level 7. HP: 55/64 MP: 6/6
  2751 | D:4      | Found a hazy altar of Hepliaklqana.
  2817 | D:5      | Entered Level 5 of the Dungeon
  2876 | D:5      | Noticed Menkaure
  2977 | D:5      | Killed Menkaure
  3170 | D:5      | Reached XP level 8. HP: 71/71 MP: 7/7
  3551 | D:5      | Noticed Eustachio
  3569 | D:5      | Killed Eustachio
  3946 | D:6      | Reached skill level 1 in Evocations
  4085 | D:6      | Reached skill level 5 in Throwing
  4141 | D:6      | Reached XP level 9. HP: 76/78 MP: 8/8
  4165 | D:6      | Noticed Maggie
  4182 | D:6      | Killed Maggie
  4310 | D:7      | Found a staircase to the Ecumenical Temple.
  4319 | Temple   | Entered the Ecumenical Temple
  4326 | Temple   | Became a worshipper of Warmaster Okawaru
  4399 | D:7      | Found a hide-covered altar of Uskayaw.
  4494 | D:6      | Reached * piety under Okawaru
  4495 | D:6      | Reached skill level 1 in Invocations
  4554 | D:6      | Noticed Edmund
  4574 | D:6      | Killed Edmund
  4718 | D:6      | Reached XP level 10. HP: 77/86 MP: 10/10
  5207 | D:7      | Reached ** piety under Okawaru
  5262 | D:7      | Found a white marble altar of Elyvilon.
  5410 | D:8      | Found Quzidd's Magic Scroll Emporium.
  5415 | D:8      | Bought a scroll of teleportation for 42 gold pieces
  5674 | D:8      | Found Esumer's Weapon Shop.
  5864 | D:8      | Found Heidghoki's Jewellery Shop.
  6174 | D:8      | Found Zoxtaeshakh's Jewellery Boutique.
  6274 | D:9      | Noticed Prince Ribbit
  6293 | D:9      | Killed Prince Ribbit
  6371 | D:9      | Reached *** piety under Okawaru
  6815 | D:9      | Noticed a two-headed ogre
  6841 | D:9      | Killed a two-headed ogre
  7003 | D:10     | Entered Level 10 of the Dungeon
  7017 | D:10     | Reached skill level 5 in Dodging
  7058 | D:10     | Found a staircase to the Lair.
  7065 | D:10     | Reached **** piety under Okawaru
  7079 | D:10     | Reached skill level 5 in Ranged Weapons
  7118 | D:10     | Reached XP level 11. HP: 73/92 MP: 13/13
  7129 | D:10     | Noticed Erolcha
  7141 | D:10     | Killed Erolcha
  7141 | D:10     | Received a gift from Okawaru
  7159 | D:10     | Identified the +5 long sword of the Land of Plenty {drain,
                  | Dex+3}
  7194 | D:10     | Found Juagoaq's Book Shoppe.
  7379 | D:10     | Received a gift from Okawaru
  7587 | D:10     | Received a gift from Okawaru
  7606 | D:10     | Reached skill level 10 in Long Blades
  7606 | D:10     | Reached skill level 5 in Invocations
  8090 | D:11     | Noticed a green ugly thing
  8100 | D:11     | Killed a green ugly thing
  8100 | D:11     | Reached ***** piety under Okawaru
  8439 | D:11     | Received a gift from Okawaru
  8644 | D:11     | You fall into a shaft and drop 2 floors!
  8766 | D:12     | Noticed Lodul
  8769 | D:12     | Received a gift from Okawaru
  8778 | D:12     | Reached skill level 5 in Evocations
  8789 | D:12     | Killed Lodul
  8858 | D:12     | Noticed a two-headed ogre
  8866 | D:12     | Killed a two-headed ogre
  8867 | D:12     | Reached XP level 12. HP: 78/104 MP: 15/15
  8999 | D:11     | Received a gift from Okawaru
  9272 | D:8      | Bought the amulet "Odemouw" {Contam rPois rF+++ Regen+
                  | Stlth+} for 734 gold pieces
  9343 | Lair:1   | Entered Level 1 of the Lair of Beasts
  9405 | Lair:1   | Found the +2 Maxwell's thermic engine {flame, freeze}
  9514 | Lair:1   | Received a gift from Okawaru
  9982 | Lair:2   | Identified the +2 rapier of Xuogovy {speed, rN+ Str+4
                  | Stlth+} (Okawaru gifted it to you on level 2 of the Lair of
                  | Beasts)
  9982 | Lair:2   | Received a gift from Okawaru
 10028 | Lair:2   | Reached skill level 5 in Stealth
 10264 | Lair:2   | Noticed Fannar
 10286 | Lair:2   | Killed Fannar
 10292 | Lair:2   | Noticed a catoblepas
 10314 | Lair:2   | Killed a catoblepas
 10315 | Lair:2   | Reached skill level 5 in Short Blades
 10517 | Lair:2   | Received a gift from Okawaru
 10700 | Lair:2   | Reached skill level 10 in Fighting
 10923 | Lair:3   | Noticed a death yak
 10923 | Lair:3   | Noticed a death yak
 10924 | Lair:3   | Noticed a death yak
 10927 | Lair:3   | Noticed a death yak
 10931 | Lair:3   | Killed a death yak
 10933 | Lair:3   | Killed a death yak
 10934 | Lair:3   | Killed a death yak
 10935 | Lair:3   | Reached XP level 13. HP: 35/113 MP: 17/17
 11002 | Lair:3   | Reached ****** piety under Okawaru
 11002 | Lair:3   | Received a gift from Okawaru
 11092 | Lair:3   | Found a staircase to the Shoals.
 11114 | Lair:3   | Found an ancient bone altar of Kikubaaqudgha.
 11410 | Lair:3   | Found a hole to the Spider Nest.
 11742 | Lair:4   | Received a gift from Okawaru
 11813 | Lair:4   | Found a staircase to the Slime Pits.
 11814 | Lair:4   | Found a viscous altar of Jiyva.
 12188 | Lair:4   | Identified the +3 battleaxe "Adididghufym" {antimagic, rF+
                  | Will+}
 12416 | Lair:5   | Entered Level 5 of the Lair of Beasts
 12427 | Lair:5   | Identified the +1 buckler "Hinerr" {rPois} (Okawaru gifted
                  | it to you on level 5 of the Lair of Beasts)
 12427 | Lair:5   | Received a gift from Okawaru
 13474 | Lair:5   | Reached XP level 14. HP: 124/124 MP: 19/19
 13491 | Lair:5   | Received a gift from Okawaru
 14078 | D:12     | Noticed Nessos
 14084 | D:12     | Killed Nessos
 14379 | D:12     | Noticed Rupert
 14392 | D:12     | Slain by Rupert

Illustrated notes

Levels and vault maps discovered:
D:1:      dpeg_arrival_three_smaller_balls, layout_basic
D:2:      layout_loops_ring
D:3:      layout_basic, serial_shops, nicolae_shop_stone, st_stairs_9,
          minmay_misc_feat_doors, eino_curves_03, uniq_robin
D:4:      minmay_wonky_spiral, layout_basic,
          mainiacjoe_overflow_surrounded_room, minivault_5
D:5:      layout_cave_pods, uniq_menkaure, uniq_eustachio
D:6:      cheibrodos_barr_body, layout_basic, minmay_crystal_room,
          minmay_pentangle, uniq_maggie, uniq_edmund
D:7:      layout_cave_pools, nicolae_uskayaw_murder_on_the_dancefloor,
          elyvilon_altar_4, minmay_temple_entry_purple_smoke
D:8:      layout_basic, serial_shops, shop_statue, kennysheep_little_box, shop,
          nicolae_shop_window_shopping
D:9:      layout_cave_pools, uniq_prince_ribbit1
D:10:     layout_stronghold, erik_lair_island, serial_shops,
          nicolae_shop_statue_plus, uniq_erolcha
D:11:     layout_roguey
D:12:     layout_loops_ring, orc_0_dummy, chequers_serial_rivers_marsh,
          uniq_lodul, uniq_nessos, uniq_rupert
D:13:     layout_gridville, david_vaults_5, serial_shops,
          nicolae_shop_behind_doors, minmay_fractal_squares_gapless_5,
          uniq_azrael
Temple:   nicolae_temple_bog_church
Lair:1:   layout_long_grid, fungi_pond_lemuel, cheibrodos_lair_reptile_den
Lair:2:   layout_gridlike, uniq_fannar
Lair:3:   layout_roguey, minmay_shoals_entry_hut,
          nicolae_spider_entry_non_spiders, basic_altar, serial_bayou_crossing
Lair:4:   layout_gridlike, slime_entry_1, serial_rivers,
          chequers_serial_rivers_room_a, chequers_serial_rivers_micro_c,
          chequers_serial_rivers_room_a, chequers_serial_rivers_micro_e,
          minivault_27, grunt_megastairs_3, infiniplex_staircase_pool_2
Lair:5:   evilmike_catoblepas_cave, layout_long_grid

Skill      XL: |  1  2  3  4  5  6  7  8  9 10 11 12 13 14 |
---------------+-------------------------------------------+-----
Armour         | 4 5 7 8 |  8.6
Shields        | 4 6 7 8 9 |  9.2
Fighting       | 4 6 7 9 10 11 12 | 12.1
Long Blades    | 3 4 6 7 9 11 12 | 12.9
Short Blades   | 4 5 7 |  7.1
Ranged Weapons | 4 5 |  5.2
Throwing       | 3 4 5 7 8 |  8.6
Dodging        | 4 5 6 |  6.9
Stealth        | 3 4 5 |  5.9
Evocations     | 1 2 3 5 6 7 |  7.6
Invocations    | 2 4 5 7 8 |  8.5

Action                   |  1- 3 |  4- 6 |  7- 9 | 10-12 | 13-15 || total
-------------------------+-------+-------+-------+-------+-------++-------
Melee: Long sword        |    64 |       |       |    50 |       ||   114
       Headbutt          |     9 |     8 |    49 |   140 |   117 ||   323
       Dagger            |    17 |    14 |     2 |    10 |       ||    43
       Falchion          |       |    60 |   237 |   427 |     9 ||   733
       Double sword      |       |       |       |    91 |    60 ||   151
       Rapier            |       |       |       |    86 |   233 ||   319
       Demon blade       |       |       |       |       |   150 ||   150
 Fire: Sling             |       |    13 |       |    23 |       ||    36
Throw: Stone             |     4 |    24 |    30 |    42 |       ||   100
       Boomerang         |       |       |    33 |    61 |    58 ||   152
       Dart              |       |       |       |    25 |    13 ||    38
       Javelin           |       |       |       |       |    10 ||    10
Invok: Heroism           |       |       |       |     4 |     2 ||     6
       Finesse           |       |       |       |     1 |     1 ||     2
Evoke: Wand              |       |       |       |    13 |     1 ||    14
       Condenser vane    |       |       |       |     1 |       ||     1
       Lightning rod     |       |       |       |       |     4 ||     4
       Phial of floods   |       |       |       |       |     1 ||     1
  Use: Scroll            |     1 |       |     2 |     9 |    12 ||    24
       Potion            |       |     1 |     2 |     1 |     1 ||     5
 Stab: Sleeping          |       |       |     1 |    14 |    11 ||    26
       Paralysed         |       |       |       |     9 |       ||     9
       Distracted        |       |       |       |     2 |     4 ||     6
Armor: Scale mail        |    37 |    17 |    19 |       |       ||    73
       Leather armour    |       |       |    47 |   104 |    62 ||   213
Dodge: Dodged            |    41 |    37 |   106 |   254 |   136 ||   574
Block: Buckler           |    13 |    12 |    55 |   140 |    98 ||   318
